[Event "Elite Hotels Open 2023"]
[Site "Elite Stadshotellet, Kungsgatan 6, Vaxjo, Sweden"]
[Date "2023.02.12"]
[Round "7.2"]
[White "Sivuk, Vitaly"]
[Black "Jepson, Christian"]
[Result "1/2-1/2"]
[TimeControl "15 minutes + 5 seconds per move from move one (Round 1 - 4) / 90 minutes + 30 seconds per move from move one (Round 5 - 8)"]
[WhiteTitle "GM"]
[BlackTitle "IM"]
[WhiteFideId "14116502"]
[BlackFideId "1701185"]
[WhiteElo "2530"]
[BlackElo "2395"]

1. d4 d6 2. e4 Nf6 3. Nc3 e5 4. Nf3 Nbd7 5. Bc4 Be7 6. a4 O-O 7. O-O exd4 8. Nxd4 Ne5 9. Ba2 Nc6 10.
h3 Nb4 11. Bb3 c5 12. Nde2 Be6 13. Nf4 Bxb3 14. cxb3 Re8 15. f3 Qb6 16. g4 Qc6 17. g5 Nd7 18. h4 f6 19. Nfd5 fxg5 20.
hxg5 Nb6 21. f4 N6xd5 22. exd5 Qd7 23. f5 Rf8 24. f6 gxf6 25. Qh5 fxg5 26. Bxg5 Bxg5 27. Qxg5+ Qg7 28. Qxg7+ Kxg7 29.
Nb5 Nxd5 30. Nxd6 b6 31. a5 Rad8 32. axb6 Rxf1+ 33. Kxf1 axb6 34. Ra7+ Kg6 35. Nc4 Rf8+ 36. Kg1 Rf6 37.
Rd7 Nf4 38. Rb7 Nd5 39. Rd7 Nf4 40. Rb7 Nd5 41. Rd7 1/2-1/2

[Event "Elite Hotels Open 2023"]
[Site "Elite Stadshotellet, Kungsgatan 6, Vaxjo, Sweden"]
[Date "2023.02.12"]
[Round "7.3"]
[White "Golubka, Petro"]
[Black "Blomqvist, Erik"]
[Result "1/2-1/2"]
[TimeControl "15 minutes + 5 seconds per move from move one (Round 1 - 4) / 90 minutes + 30 seconds per move from move one (Round 5 - 8)"]
[WhiteTitle "GM"]
[BlackTitle "GM"]
[WhiteFideId "14114224"]
[BlackFideId "1709437"]
[WhiteElo "2363"]
[BlackElo "2510"]

1. e4 c5 2. Nf3 d6 3. d4 cxd4 4. Nxd4 Nf6 5. Nc3 g6 6. Be3 Nc6 7. f3 h5 8. Qd2 Nxd4 9. Bxd4 Bh6 10.
Bb5+ Bd7 11. Bxd7+ Nxd7 12. Qf2 O-O 13. O-O Qa5 14. Nd5 1/2-1/2

[Event "Elite Hotels Open 2023"]
[Site "Elite Stadshotellet, Kungsgatan 6, Vaxjo, Sweden"]
[Date "2023.02.12"]
[Round "7.4"]
[White "Kucuksari, Kaan"]
[Black "Kristensen, Kaare Hove"]
[Result "1/2-1/2"]
[TimeControl "15 minutes + 5 seconds per move from move one (Round 1 - 4) / 90 minutes + 30 seconds per move from move one (Round 5 - 8)"]
[WhiteTitle "IM"]
[BlackTitle "IM"]
[WhiteFideId "6380166"]
[BlackFideId "1400940"]
[WhiteElo "2507"]
[BlackElo "2210"]

1. d4 d5 2. Nf3 c6 3. Bf4 Nf6 4. e3 Bg4 5. c4 Nbd7 6. Nc3 e6 7. h3 Bxf3 8. Qxf3 Bb4 9. Qd1 Qa5 10.
Qb3 Ne4 11. Rc1 Nb6 12. f3 dxc4 13. Bxc4 Nxc4 14. Qxc4 Nd6 15. Qb3 b5 16. Bxd6 Bxd6 17. O-O Qb4 18. Qc2 Rc8 19. Ne4 Be7 20.
Rfd1 O-O 21. a3 Qa5 22. Rd3 b4 23. axb4 Bxb4 24. Rb3 h6 25. Qc4 Rb8 26. Qxc6 Qa2 27. Qc2 f5 28. Qc4 fxe4 29.
Rxb4 Qxc4 30. Rcxc4 Rxb4 31. Rxb4 exf3 32. Rb7 fxg2 33. Rxa7 Rf3 34. Ra3 Rxh3 35.
Kxg2 Rh5 36. Ra8+ Kf7 37. Rb8 Rg5+ 38. Kf3 h5 39. e4 h4 40. b4 h3 41. Rh8 Rb5 1/2-1/2

[Event "Elite Hotels Open 2023"]
[Site "Elite Stadshotellet, Kungsgatan 6, Vaxjo, Sweden"]
[Date "2023.02.12"]
[Round "7.5"]
[White "Trost, Edvin"]
[Black "Hector, Jonny"]
[Result "1/2-1/2"]
[TimeControl "15 minutes + 5 seconds per move from move one (Round 1 - 4) / 90 minutes + 30 seconds per move from move one (Round 5 - 8)"]
[WhiteTitle "FM"]
[BlackTitle "GM"]
[WhiteFideId "1729519"]
[BlackFideId "1700090"]
[WhiteElo "2364"]
[BlackElo "2466"]

1. d4 d5 2. c4 c6 3. Nf3 Nf6 4. e3 Bf5 5. Nc3 e6 6. Nh4 Be4 7. f3 Bg6 8. Bd2 Nbd7 9. cxd5 exd5 10.
Qb3 b5 11. Nxg6 hxg6 12. O-O-O Be7 13. Kb1 Nb6 14. Qc2 Nc4 15. Bc1 a5 16. e4 O-O 17. e5 Nd7 18. h4 Ndb6 19. f4 b4 20.
Na4 Nxa4 21. Qxa4 Qd7 22. Qc2 a4 23. Bxc4 dxc4 24. Qxc4 b3 25. a3 Rfd8 26. Qd3 Qg4 27. Qe4 Rd5 28.
Be3 Rad8 29. Bf2 c5 30. Rd3 cxd4 31. Rc1 Rc5 32. Rxc5 Bxc5 33. Qe1 Qf5 34. Qe2 Qxf4 35. e6 fxe6 36.
Qxe6+ Kh7 37. h5 gxh5 38.
Rh3 Qg5 39. Qe4+ g6 40. g4 Kg7 41.
Bh4 Qxg4 42. Qe5+ Kg8 43. Qxc5 Qxh3 44. Bxd8 Qd3+ 45. Kc1 Qe3+ 46. Kd1 Qf3+ 47. Kd2 Qe3+ 48. Kd1 Qd3+ 49. Kc1 Qe3+ 50.
Kd1 Qf3+ 51. Kd2 Qf4+ 52. Kd1 Qf3+ 1/2-1/2

[Event "Elite Hotels Open 2023"]
[Site "Elite Stadshotellet, Kungsgatan 6, Vaxjo, Sweden"]
[Date "2023.02.12"]
[Round "7.7"]
[White "Lindborg, Patrik"]
[Black "Bellon Lopez, Juan Manuel"]
[Result "0-1"]
[TimeControl "15 minutes + 5 seconds per move from move one (Round 1 - 4) / 90 minutes + 30 seconds per move from move one (Round 5 - 8)"]
[BlackTitle "GM"]
[WhiteFideId "1707507"]
[BlackFideId "2200031"]
[WhiteElo "2184"]
[BlackElo "2303"]

1. d4 Nf6 2. Nf3 c5 3. d5 d6 4. c4 b5 5. cxb5 a6 6. bxa6 g6 7. Nc3 Bxa6 8. e4 Bxf1 9. Kxf1 Bg7 10. h3 O-O 11. Kg1 Nbd7 12. Kh2 Qb6 13. Re1 Rfb8 14. Kg1 Ne8 15. Re2 Qa6 16. Rc2 Nc7 17. a4 Rb4 18. Bd2 Nb6 19.
e5 Nc4 20. exd6 exd6 21. Nb5 Rxb5 22. Rxc4 Rxb2 23. Rac1 Nxd5 24. Bg5 Nb4 25. Ne1 Na2 26. R1c2 Rxc2 27. Rxc2 Nc3 28. Qf3 Re8 29.
Rxc3 Rxe1+ 30. Kh2 Be5+ 31. Bf4 Qxa4 32. Bxe5 Rxe5 33. Ra3 Qe4 34. Qf6 Re6 35. Qd8+ Kg7 36. Rf3 Qe5+ 37. Kg1 c4 38.
Qc7 Rf6 39. Rxf6 Qxf6 40. Qxc4 Qa1+ 41. Kh2 Qe5+ 42. Kg1 d5 43. Qc5 Qe1+ 44. Kh2 Qe4 45. f3 Qf4+ 46. Kg1 d4 47. Kf1 h5 48.
Ke2 Qe3+ 49. Kf1 h4 50. Qc7 d3 51. Qc3+ Kg8 52. Qc8+ Kh7 53. Qc7 Qe2+ 54. Kg1 Qe1+ 0-1

[Event "Elite Hotels Open 2023"]
[Site "Elite Stadshotellet, Kungsgatan 6, Vaxjo, Sweden"]
[Date "2023.02.12"]
[Round "7.8"]
[White "Strom-Engdahl, Alexander"]
[Black "Wagner, Stephan"]
[Result "1/2-1/2"]
[TimeControl "15 minutes + 5 seconds per move from move one (Round 1 - 4) / 90 minutes + 30 seconds per move from move one (Round 5 - 8)"]
[WhiteFideId "1741586"]
[BlackFideId "1613251"]
[WhiteElo "2097"]
[BlackElo "2264"]

1. d4 Nf6 2. Nf3 e6 3. Bf4 b6 4. e3 Bb7 5. h3 Be7 6. Nbd2 O-O 7. Bd3 Nd5 8. Bh2 f5 9. c3 Bd6 10.
Qc2 Bxh2 11. Rxh2 Ba6 12. O-O-O Bxd3 13. Qxd3 Nc6 14. g4 Kh8 15. Rg1 Qf6 16. Rhg2 g6 17. h4 Rae8 18. h5 fxg4 19.
Rxg4 gxh5 20. Rg5 Rg8 21. Rxh5 Rxg1+ 22. Nxg1 Qf7 23. Rh2 1/2-1/2

[Event "Elite Hotels Open 2023"]
[Site "Elite Stadshotellet, Kungsgatan 6, Vaxjo, Sweden"]
[Date "2023.02.12"]
[Round "7.9"]
[White "Rasti, Arvin"]
[Black "Ask, Josef"]
[Result "1-0"]
[TimeControl "15 minutes + 5 seconds per move from move one (Round 1 - 4) / 90 minutes + 30 seconds per move from move one (Round 5 - 8)"]
[BlackTitle "FM"]
[WhiteFideId "1741160"]
[BlackFideId "1704583"]
[WhiteElo "2211"]
[BlackElo "2169"]

1. d4 Nf6 2. Nf3 d6 3. c4 g6 4. g3 Bg7 5. Bg2 O-O 6. O-O Nc6 7. Nc3 Bf5 8. Ne1 e5 9. d5 Ne7 10.
e4 Bd7 11. Nd3 Ne8 12. c5 f5 13. cxd6 cxd6 14. f4 Qb6+ 15. Kh1 fxe4 16. Nxe4 Nxd5 17. fxe5 Rxf1+ 18. Qxf1 dxe5 19. Ng5 Ndf6 20.
Nxe5 Bf5 21. Qc4+ 1-0

[Event "Elite Hotels Open 2023"]
[Site "Elite Stadshotellet, Kungsgatan 6, Vaxjo, Sweden"]
[Date "2023.02.12"]
[Round "7.10"]
[White "Poley, Vladimir"]
[Black "Eriksson, Kristian"]
[Result "1-0"]
[TimeControl "15 minutes + 5 seconds per move from move one (Round 1 - 4) / 90 minutes + 30 seconds per move from move one (Round 5 - 8)"]
[WhiteTitle "IM"]
[WhiteFideId "13500090"]
[BlackFideId "1705172"]
[WhiteElo "2325"]
[BlackElo "2053"]

1. Nf3 Nf6 2. g3 g6 3. b4 Bg7 4. Bb2 O-O 5. Bg2 d6 6. O-O c5 7. a3 Qb6 8. d3 cxb4 9. Bd4 Qc7 10.
axb4 Nc6 11. Bc3 e5 12. b5 Ne7 13. e4 Bd7 14. Qd2 Bxb5 15. Na3 Ba6 16. Bb2 Nd7 17. Nh4 Rac8 18. c4 Nc5 19.
Ra2 Qd7 20. Rb1 Rc7 21. Nf3 f5 22. exf5 Qxf5 23. Ne1 b6 24. Qe2 Rfc8 25. Rd1 Nc6 26. Nec2 Bb7 27. Nb5 Rd7 28. Ne3 Qf8 29.
Nd5 Ra8 30. Bh3 Rf7 31. Nbc7 Nb4 32. Nxb4 Rxc7 33. Bg2 Bxg2 34. Kxg2 Rf7 35. Nd5 Qd8 36. Bc1 Ne6 37. Be3 Nc7 38.
Nc3 Qd7 39. Rda1 Qc6+ 40. Kg1 a5 41. Rb1 Rb8 42. Rxa5 bxa5 43. Rxb8+ Rf8 44. Rb6 Qd7 45. Qa2 Kh8 46. Qxa5 Ra8 47.
Qxa8+ Nxa8 48. Rb8+ Bf8 49. Rxf8+ Kg7 50. Rxa8 Qf5 51. Ne4 Qf3 52. Ra7+ Kg8 53. Bh6 1-0

[Event "Elite Hotels Open 2023"]
[Site "Elite Stadshotellet, Kungsgatan 6, Vaxjo, Sweden"]
[Date "2023.02.12"]
[Round "7.11"]
[White "Dingertz, Erik"]
[Black "Lindberg, Bengt"]
[Result "0-1"]
[TimeControl "15 minutes + 5 seconds per move from move one (Round 1 - 4) / 90 minutes + 30 seconds per move from move one (Round 5 - 8)"]
[BlackTitle "IM"]
[WhiteFideId "1741578"]
[BlackFideId "1700359"]
[WhiteElo "2017"]
[BlackElo "2354"]

1. c4 Nf6 2. g3 e6 3. Bg2 d5 4. Nf3 Be7 5. O-O O-O 6. b3 d4 7. e3 c5 8. exd4 cxd4 9. Re1 Nc6 10.
d3 Nd7 11. Ba3 a5 12. Nfd2 Bb4 13. Bxb4 axb4 14. Nf3 Nc5 15. Qc2 Qd6 16. Nbd2 f5 17. Re2 e5 18. Rae1 e4 19. dxe4 d3 0-1

[Event "Elite Hotels Open 2023"]
[Site "Elite Stadshotellet, Kungsgatan 6, Vaxjo, Sweden"]
[Date "2023.02.12"]
[Round "7.12"]
[White "Karlsson, Jorgen"]
[Black "Falkevall, Axel"]
[Result "1-0"]
[TimeControl "15 minutes + 5 seconds per move from move one (Round 1 - 4) / 90 minutes + 30 seconds per move from move one (Round 5 - 8)"]
[BlackTitle "FM"]
[WhiteFideId "1711679"]
[BlackFideId "1735560"]
[WhiteElo "1987"]
[BlackElo "2299"]

1. b3 Nf6 2. Bb2 g6 3. g3 Bg7 4. Bg2 O-O 5. d3 d6 6. Nd2 e5 7. c4 Nc6 8. a3 a5 9. e3 Re8 10.
Ne2 Bf5 11. Qc2 Qd7 12. h3 h5 13.
Nc3 Ne7 14. Bxb7 Rab8 15. Bg2 c6 16. Na4 Nh7 17. Bc3 c5 18. e4 Be6 19. Nf3 f5 20. Bxa5 fxe4 21. dxe4 Nc6 22. Bd2 Rf8 23. Be3 Nd4 24. Bxd4 exd4 25. Rb1 Rbe8 26.
Kf1 Qf7 27. Nb2 Bd7 28. Kg1 Bc6 29. Re1 Qb7 30. Nd2 h4 31. Nd3 Bh6 32. b4 Nf6 33. b5 hxg3 34. bxc6 gxf2+ 35. Nxf2 Qf7 36.
Nf1 Nh5 37. Ng4 Bg5 38. e5 Kh7 39. Bd5 Qf4 40. e6 Bh4 41. Rb1 d3 42. Qxd3 Bf2+ 43. Kg2 Bd4 44. Qd2 Rb8 45. Rb7+ Rxb7 46.
cxb7 Qxd2+ 47. Nxd2 Nf4+ 48. Kh2 Ne2 49. Ne4 1-0

[Event "Elite Hotels Open 2023"]
[Site "Elite Stadshotellet, Kungsgatan 6, Vaxjo, Sweden"]
[Date "2023.02.12"]
[Round "7.13"]
[White "Krantz, Christopher"]
[Black "Slettebo, Jan"]
[Result "1-0"]
[TimeControl "15 minutes + 5 seconds per move from move one (Round 1 - 4) / 90 minutes + 30 seconds per move from move one (Round 5 - 8)"]
[WhiteFideId "1707876"]
[BlackFideId "1704958"]
[WhiteElo "2262"]
[BlackElo "1971"]

1. d4 d5 2. Nf3 Nc6 3. Bf4 Bg4 4. e3 e6 5. Be2 Bd6 6. Bg3 Nge7 7. Nbd2 Nf5 8. Bxd6 Nxd6 9. O-O O-O 10.
Rc1 Na5 11. b3 b5 12. h3 Bxf3 13. Nxf3 Rc8 14. Ne5 c6 15. Qe1 f6 16. Nd3 Nab7 17. c4 Qe7 18. cxb5 cxb5 19. Nc5 Rc6 20.
Nd3 Rfc8 21. Rxc6 Rxc6 22. f3 a5 23. Qd2 Qc7 24. Rc1 b4 25. Rxc6 Qxc6 26. Nf4 Kf7 27. Qd3 g6 28. Qd2 Nd8 29.
Nd3 Nb5 30. Nc5 Nc3 31. Ba6 e5 32. a4 exd4 33. exd4 Ne6 34. Nxe6 Qxe6 35. Bd3 Kg7 36. Kh2 f5 37. g3 h6 38.
h4 Qf6 39. Qe3 f4 40. Qxf4 Qxf4 41. gxf4 Na2 42. Bc2 Nc1 43. Bd1 Nd3 44. Kg3 Kf6 45. Bc2 Nc1 46. Kf2 Na2 47. Ke3 Nc3 48.
Bd3 Nd1+ 49. Ke2 Nc3+ 50. Kd2 1-0

[Event "Elite Hotels Open 2023"]
[Site "Elite Stadshotellet, Kungsgatan 6, Vaxjo, Sweden"]
[Date "2023.02.12"]
[Round "7.14"]
[White "Johansson, William"]
[Black "Johansson, Gunnar"]
[Result "0-1"]
[TimeControl "15 minutes + 5 seconds per move from move one (Round 1 - 4) / 90 minutes + 30 seconds per move from move one (Round 5 - 8)"]
[WhiteFideId "1744070"]
[BlackFideId "1703501"]
[WhiteElo "1981"]
[BlackElo "2260"]

1. d4 d5 2. Nf3 Nf6 3. c3 c5 4. dxc5 e6 5. Be3 a5 6. Ne5 Nbd7 7. Qa4 Qc7 8. Nd3 e5 9. Na3 Be7 10.
Nb5 Qb8 11. g3 O-O 12. Bg2 Rd8 13. O-O Nf8 14. h3 Bd7 15. f4 e4 16. Ne5 Be8 17. c6 bxc6 18. Nd4 Bd6 19. Nf5 Qxb2 20.
Nxd6 Rxd6 21. Bc5 Rdd8 22. e3 Ne6 23. Rfb1 Nxc5 24. Qd4 Qa3 25. f5 Rab8 26. Nc4 dxc4 27. Rxb8 Rxb8 0-1

[Event "Elite Hotels Open 2023"]
[Site "Elite Stadshotellet, Kungsgatan 6, Vaxjo, Sweden"]
[Date "2023.02.12"]
[Round "7.15"]
[White "Odell Johansson, Leo"]
[Black "Burwick, Malte"]
[Result "0-1"]
[TimeControl "15 minutes + 5 seconds per move from move one (Round 1 - 4) / 90 minutes + 30 seconds per move from move one (Round 5 - 8)"]
[WhiteFideId "1722727"]
[BlackFideId "1702475"]
[WhiteElo "1876"]
[BlackElo "2219"]

1. d4 Nf6 2. Nf3 g6 3. e3 Bg7 4. Be2 O-O 5. O-O d6 6. b3 Nbd7 7. Bb2 e5 8. dxe5 Ng4 9. Nbd2 Ngxe5 10. Qc1 Re8 11. Rd1 Nxf3+ 12. Nxf3 Nf6 13. h3 Qe7 14. Nd4 Ne4 15. Bf3 Ng5 16. Be2 Bxh3 17. gxh3 Nxh3+ 18. Kg2 Qh4 19.
Rf1 Re4 20. f4 Rae8 21. Qe1 Qh6 22. Rf3 Rxe3 23. Qg3 Bxd4 24. Bxd4 Rxe2+ 25. Kf1 R2e4 26. Be3 Rxe3 27. Rxe3 Rxe3 28. Qxe3 Qxf4+ 29. Qxf4 Nxf4 30. Re1 a5 31.
Re4 Ne6 32. c3 Kf8 33. b4 axb4 34. cxb4 b5 35. Re3 Ke7 36. Ra3 h5 37. Ra7 Kd7 38. a4 bxa4 39. Rxa4 Kc6 40. Ra8 Kb5 41.
Rb8+ Kc4 42. Kf2 d5 43. Re8 Kxb4 44. Re7 Kc5 45. Rxf7 g5 46. Rh7 h4 47. Ke3 Kd6 48. Rh6 Ke5 49.
Rh7 c5 50. Kd3 Nf4+ 51. Ke3 c4 52. Rg7 Ne6 53. Rh7 d4+ 54. Kd2 Kd6 55. Rh6 Kd5 56. Rh7 c3+ 57. Kc2 Kc4 58. Rh6 d3+ 59.
Kd1 Nd4 60. Rh8 c2+ 61. Kc1 Nb3+ 62. Kb2 c1=Q+ 63. Ka2 Qa1# 0-1

[Event "Elite Hotels Open 2023"]
[Site "Elite Stadshotellet, Kungsgatan 6, Vaxjo, Sweden"]
[Date "2023.02.12"]
[Round "7.16"]
[White "Sevastianov, Andrii"]
[Black "Berg, Roy"]
[Result "1-0"]
[TimeControl "15 minutes + 5 seconds per move from move one (Round 1 - 4) / 90 minutes + 30 seconds per move from move one (Round 5 - 8)"]
[WhiteFideId "1730240"]
[BlackFideId "1711458"]
[WhiteElo "2160"]
[BlackElo "1948"]

1. e4 c6 2. d4 d5 3. exd5 cxd5 4. Bd3 Nc6 5. c3 Nf6 6. h3 e5 7. dxe5 Nxe5 8. Nf3 Nxd3+ 9. Qxd3 Be7 10.
O-O O-O 11. Be3 Re8 12. Nbd2 b6 13. Rfe1 Bb7 14. Bg5 Ne4 15. Bxe7 Qxe7 16. Nf1 Qf6 17. Rad1 Rad8 18. Qc2 h5 19.
Nd4 a6 20. Re3 Ng5 21. Qe2 Rxe3 22. Qxe3 Ne6 23. Nxe6 Qxe6 24. Qd4 b5 25. a3 g6 26. Ne3 Kh7 27. Qf4 Rd7 28. Rd4 Kg7 29.
Qf3 Qe5 30. Qd1 Qe6 31. a4 Bc6 32. axb5 axb5 33. Qb3 Ra7 34. Qd1 Rd7 35. Rd2 Qe4 36. Nc2 Re7 37. Nd4 Be8 38. Re2 Qh4 39.
Qe1 Re4 40. Rxe4 Qxe4 41. Qe2 Qxe2 42. Nxe2 Kf6 43. f3 Ke5 44. Kf2 b4 45. Ke3 bxc3 46. f4+ Kd6 47. bxc3 Bb5 48. Nd4 Bf1 49.
Kf2 Bd3 50. g4 hxg4 51. hxg4 Kc5 52. Ke3 Bc4 53. g5 Kd6 54. Nf3 Ba2 55. Ne5 Ke6 56. Nc6 Kd6 57. Nb4 Bb3 58. Kd4 Bc4 59.
Nc2 Bb3 60. Ne3 Ke6 61. Kc5 Ba2 62. Nc2 Bc4 63. Nd4+ Kd7 64. Nc6 Ba2 65. Nb4 Bb3 66. Nxd5 Ke6 67. Ne3 f6 68. Kd4 fxg5 69.
fxg5 Ba2 70. Ke4 Bb1+ 71. Kf4 Bd3 72. Ng4 Kd5 73. Ne5 Bf5 74. Nf7 Bb1 75. Nd8 Kc4 76. Ke5 Kxc3 77. Kf6 Kd4 78.
Ne6+ Ke3 79. Nf8 Kf4 80. Nxg6+ Kg4 81. Ne5+ Kh5 82. Nf3 Kg4 83. Nd4 Bh7 84. Nc6 Kh5 85. Ne7 Kg4 86. Ng6 Bg8 87.
Ne5+ Kh5 88. g6 Kh6 89. Nf7 Kh5 90. Kg7 1-0

[Event "Elite Hotels Open 2023"]
[Site "Elite Stadshotellet, Kungsgatan 6, Vaxjo, Sweden"]
[Date "2023.02.12"]
[Round "7.17"]
[White "Lindholm, Gustav"]
[Black "Nilsson, Oliver"]
[Result "1-0"]
[TimeControl "15 minutes + 5 seconds per move from move one (Round 1 - 4) / 90 minutes + 30 seconds per move from move one (Round 5 - 8)"]
[WhiteFideId "1736515"]
[BlackFideId "1730177"]
[WhiteElo "2128"]
[BlackElo "1925"]

1. d4 d5 2. c4 e6 3. Nc3 a6 4. Nf3 dxc4 5. a4 Nc6 6. e3 Na5 7. Nd2 c5 8. Nxc4 Nf6 9. Be2 Nxc4 10.
Bxc4 cxd4 11. exd4 Bb4 12. O-O Qc7 13. Qb3 Bd6 14. h3 O-O 15. Be3 Bd7 16. Rac1 Rac8 17. Be2 Bc6 18. Rfd1 Qb8 19.
Bc4 Rfd8 20. Bg5 Be7 21. Bh4 Qa7 22. Bg3 Kh8 23. Be5 Nd7 24. Bf4 Nb6 25. Be2 Nxa4 26. Nxa4 Rxd4 27. Be3 Rcd8 28.
Bxd4 Rxd4 29. Nb6 1-0

[Event "Elite Hotels Open 2023"]
[Site "Elite Stadshotellet, Kungsgatan 6, Vaxjo, Sweden"]
[Date "2023.02.12"]
[Round "7.18"]
[White "Frisk, Hans"]
[Black "Eriksson, Christian Altenburg"]
[Result "0-1"]
[TimeControl "15 minutes + 5 seconds per move from move one (Round 1 - 4) / 90 minutes + 30 seconds per move from move one (Round 5 - 8)"]
[WhiteFideId "1708570"]
[BlackFideId "1412159"]
[WhiteElo "1905"]
[BlackElo "2104"]

1. Nf3 d5 2. e3 Nf6 3. c4 dxc4 4. Bxc4 e6 5. O-O c5 6. Nc3 a6 7. a4 Nc6 8. Qe2 Qc7 9. Rd1 Bd6 10.
d4 O-O 11. d5 exd5 12. Nxd5 Nxd5 13. Bxd5 Nb4 14. e4 Nxd5 15. exd5 Bg4 16. h3 Rfe8 17. Be3 Bh5 18. g4 Bg6 19.
a5 Rac8 20. Ra4 Qd7 21. b3 Qb5 22. Qb2 c4 23. Nd4 Qxd5 24. bxc4 Qe5 25. Kf1 Qh2 26. Nf5 Qxh3+ 27. Ke1 Be5 28.
Nd4 Qxg4 29. Qxb7 Bxd4 30. c5 Bc3+ 0-1

[Event "Elite Hotels Open 2023"]
[Site "Elite Stadshotellet, Kungsgatan 6, Vaxjo, Sweden"]
[Date "2023.02.12"]
[Round "8.2"]
[White "Trost, Edvin"]
[Black "Sivuk, Vitaly"]
[Result "1/2-1/2"]
[TimeControl "15 minutes + 5 seconds per move from move one (Round 1 - 4) / 90 minutes + 30 seconds per move from move one (Round 5 - 8)"]
[WhiteTitle "FM"]
[BlackTitle "GM"]
[WhiteFideId "1729519"]
[BlackFideId "14116502"]
[WhiteElo "2364"]
[BlackElo "2530"]

1. d4 Nf6 2. c4 e6 3. Nf3 d5 4. g3 Be7 5. Bg2 O-O 6. Nc3 Nbd7 7. Qd3 c5 8. cxd5 Nxd5 9. O-O b6 10.
b3 Bb7 11. Bb2 N7f6 12. Rfd1 Rc8 13. Rac1 1/2-1/2

[Event "Elite Hotels Open 2023"]
[Site "Elite Stadshotellet, Kungsgatan 6, Vaxjo, Sweden"]
[Date "2023.02.12"]
[Round "8.3"]
[White "Abdrlauf, Elham"]
[Black "Golubka, Petro"]
[Result "1-0"]
[TimeControl "15 minutes + 5 seconds per move from move one (Round 1 - 4) / 90 minutes + 30 seconds per move from move one (Round 5 - 8)"]
[WhiteTitle "IM"]
[BlackTitle "GM"]
[WhiteFideId "1533533"]
[BlackFideId "14114224"]
[WhiteElo "2527"]
[BlackElo "2363"]

1. e4 c5 2. Nf3 Nc6 3. c3 e5 4. d4 cxd4 5. cxd4 exd4 6. Nxd4 Nf6 7. Nc3 Bb4 8. Nxc6 bxc6 9. Bd3 d5 10.
e5 Ng4 11. O-O O-O 12. Qc2 Nxe5 13. Bxh7+ Kh8 14. Bf5 Qf6 15. Bxc8 Rfxc8 16. Be3 Nc4 17. Rad1 Bd6 18. Bc1 Re8 19.
Rd3 Kg8 20. Rh3 Qg6 21. Qxg6 fxg6 22. Rd1 d4 23. Kf1 c5 24. Nb5 Be5 25. b3 Nb6 26. Na3 a5 27. Nc4 Nxc4 28. bxc4 a4 29.
Rhd3 Rab8 30. Ba3 Bd6 31. h3 Rb7 32. R3d2 Kf7 33. Re2 Reb8 34. Ree1 Re7 35. Rxe7+ Kxe7 36. Ke2 Kd7 37. Re1 g5 38.
Kd3 Rf8 39. Re2 g6 40. Bc1 Bf4 41. Ba3 Bd6 42. f3 Rf7 43. Bc1 Bf4 44. Ba3 Bd6 45. Rb2 Kc6 46. Re2 Kd7 47. Re4 Rf5 48.
Bc1 Bf4 49. g4 Rf6 50. Bxf4 gxf4 51. Re5 Kd6 52. Ke4 Kc6 53. h4 a3 54. g5 Rd6 55. Kd3 Kb6 56. Re4 Ka5 57. Rxf4 Rb6 58.
Rf6 Rb2 59. Rxg6 Rxa2 60. Rc6 Kb4 61. Rb6+ Ka4 62. g6 Rh2 63. g7 Rg2 64. Rb7 a2 65. h5 a1=Q 66. Ra7+ Kb4 67. Rxa1 Rxg7 68. Rb1+ Ka4 69. Rh1 Rg3 70.
Ke4 Rg7 71. h6 Re7 72. Kd3 Rh7 73. f4 Ka5 74. f5 Kb6 75. f6 1-0

[Event "Elite Hotels Open 2023"]
[Site "Elite Stadshotellet, Kungsgatan 6, Vaxjo, Sweden"]
[Date "2023.02.12"]
[Round "8.4"]
[White "Blomqvist, Erik"]
[Black "Bellon Lopez, Juan Manuel"]
[Result "1-0"]
[TimeControl "15 minutes + 5 seconds per move from move one (Round 1 - 4) / 90 minutes + 30 seconds per move from move one (Round 5 - 8)"]
[WhiteTitle "GM"]
[BlackTitle "GM"]
[WhiteFideId "1709437"]
[BlackFideId "2200031"]
[WhiteElo "2510"]
[BlackElo "2303"]

1. e4 c5 2. Nf3 g6 3. d4 cxd4 4. Nxd4 Nc6 5. c4 Nf6 6. Nc3 d6 7. f3 Nxd4 8. Qxd4 Bg7 9. Be3 O-O 10.
Qd2 Be6 11. Rc1 Nd7 12. Be2 Rc8 13. Nb5 Ne5 14. b3 Nc6 15. O-O a6 16. Nc3 Qa5 17. Rfd1 f5 18. exf5 Rxf5 19. f4 Rff8 20.
Bf3 Kh8 21. Bxc6 Rxc6 22. Bd4 Bg4 23. Rf1 e5 24. fxe5 dxe5 25. Rxf8+ Bxf8 26. Be3 Rf6 27. h3 Bf5 28. Qf2 Ba3 29.
Nd5 Bxc1 30. Nxf6 Qc3 31. Nd5 Bxe3 32. Nxe3 Qd4 1-0

[Event "Elite Hotels Open 2023"]
[Site "Elite Stadshotellet, Kungsgatan 6, Vaxjo, Sweden"]
[Date "2023.02.12"]
[Round "8.5"]
[White "Jepson, Christian"]
[Black "Kucuksari, Kaan"]
[Result "1/2-1/2"]
[TimeControl "15 minutes + 5 seconds per move from move one (Round 1 - 4) / 90 minutes + 30 seconds per move from move one (Round 5 - 8)"]
[WhiteTitle "IM"]
[BlackTitle "IM"]
[WhiteFideId "1701185"]
[BlackFideId "6380166"]
[WhiteElo "2395"]
[BlackElo "2507"]

1. Nf3 f5 2. d3 Nc6 3. e4 e5 4. d4 fxe4 5. Nxe5 Nf6 6. Be2 d5 7. c4 Bd6 8. Nxc6 bxc6 9. Nc3 O-O 10.
Be3 Be6 11. c5 Be7 12. h3 a5 13. Qd2 Qd7 14. b3 Ne8 15. O-O-O g6 16. Rdf1 Ng7 17. g4 Rf7 18. f4 exf3 19.
Rxf3 Rxf3 20. Bxf3 Rf8 21. Bd1 Bh4 22. Ne2 Qe7 23. Nf4 Bc8 24. Ng2 Bg3 25. Qxa5 Qe4 26. Qd2 Bf2 27. Rf1 Qxg2 28.
Rxf2 Rxf2 29. Qxf2 Qxh3 30. Qf3 Bxg4 31. Qxh3 Bxh3 32. a4 Bf1 33. Bg4 Nf5 34. Bxf5 gxf5 35. Bf4 Kf7 36. Kd2 Ke6 37.
Bxc7 Kd7 1/2-1/2

[Event "Elite Hotels Open 2023"]
[Site "Elite Stadshotellet, Kungsgatan 6, Vaxjo, Sweden"]
[Date "2023.02.12"]
[Round "8.6"]
[White "Hector, Jonny"]
[Black "Rasti, Arvin"]
[Result "1/2-1/2"]
[TimeControl "15 minutes + 5 seconds per move from move one (Round 1 - 4) / 90 minutes + 30 seconds per move from move one (Round 5 - 8)"]
[WhiteTitle "GM"]
[WhiteFideId "1700090"]
[BlackFideId "1741160"]
[WhiteElo "2466"]
[BlackElo "2211"]

1. e4 c6 2. d4 d5 3. Nd2 dxe4 4. Nxe4 Nf6 5. Nxf6+ exf6 6. Be3 Bd6 7. Bd3 O-O 8. Ne2 Re8 9.
c4 Nd7 10. O-O Nf8 11. Qd2 Ng6 12. Rad1 Qc7 13. h3 f5 14. f4 Qe7 15. Rf3 Be6 16. a3 b5 17. d5 bxc4 18. dxe6 cxd3 19.
exf7+ Qxf7 20. Qxd3 Rad8 21. Qc2 c5 22. Nc3 c4 23. Qf2 Bb8 24. h4 Nf8 25. Qf1 h6 26. Bd4 Ne6 27. Qxc4 Nxf4 28.
Qxf7+ Kxf7 29. g3 Ne2+ 30. Nxe2 Rxe2 31. Rxf5+ Kg6 32. Rf2 Re4 33. Rfd2 Rg4 34. Bf2 Rxd2 35. Rxd2 Bxg3 36. Bxg3 Rxg3+ 37. Kf1 Rh3 38. Rd7 Rb3 39. Rxa7 Rxb2 40.
h5+ Kxh5 41. Rxg7 Ra2 42. Rg3 1/2-1/2